 Dungeon Crawl Stone Soup version 0.27-a0-955-gb57c80000f (webtiles) character file.

Game seed: 9131966972254065747

738670 Ijustatesigmund the Epochal (level 27, 0/237 HPs)
             Began as a Demonspawn Fighter on Apr 6, 2021.
             Was an Elder of Cheibriados.
             Killed from afar by Ohikyquir the pandemonium lord (10 damage)
             ... with a chain lightning
             ... on level 11 of a ziggurat on Apr 12, 2021.
             The game lasted 04:32:55 (87079 turns).

Ijustatesigmund the Epochal (Demonspawn Fighter)   Turns: 87079, Time: 04:32:55

Health: 0/237      AC: 38    Str: 28    XL:     27
Magic:  24/39      EV: 29    Int: 23    God:    Cheibriados [****..]
Gold:   4711       SH: 25    Dex: 27    Spells: 10/26 levels left

rFire    + + .     SeeInvis +   V - +6 morningstar of Vogupeut {protect, rN++ Will++ Dex-2}
rCold    . . .     Faith    +   c - +4 kite shield {reflect}
rNeg     + + +     Spirit   .   j - +3 fire dragon scales
rPois    +         Reflect  +   (helmet unavailable)
rElec    .         Harm     .   w - +2 cloak {Will+}
rCorr    +         Rampage  .   p - +2 pair of gloves
Will     +++++     Clarity  +   E - +2 pair of boots {Stlth+}
Stlth    +++.......             M - amulet "Ileopy" {Faith Fly rN++ Int-5}
HPRegen  0.49/turn              Q - ring "Ynestou" {rPois AC+4 Dex+3}
MPRegen  0.26/turn              b - ring "Ugruot" {rCorr Dex-4 Slay+4}

@: magic-sapped, under a protective aura, flying, studying 3 skills, repel
missiles, very slow
A: antennae 3, repulsion field 3, cold resistance 1, foul stench 3, passive
freeze, spiny 3, freezing cloud immunity, beak, talons 2, large bone plates 1,
see invisible, agile 1, clarity, clever 1, strong-willed 1, screaming 1,
evolution 1, subdued magic 2, MP-powered wands
}: 5/15 runes: decaying, silver, abyssal, dark, gossamer
a: Renounce Religion, Bend Time, Temporal Distortion, Slouch


You were on level 11 of a ziggurat.
You worshipped Cheibriados.
Cheibriados was greatly pleased with you.
You visited 12 branches of the dungeon, and saw 50 of its levels.
You visited Pandemonium 1 time, and saw 2 of its levels.
You visited the Abyss 2 times.
You visited 1 ziggurat, and saw 11 of its levels.
You also visited: Bailey, Ice Cave and Wizlab.

You collected 9160 gold pieces.
You spent 4449 gold pieces at shops.

Inventory:

Hand Weapons
 a - a +9 broad axe of freezing
 o - a +8 demon whip of electrocution
 K - the +10 broad axe of Light {pain, rPois rF- Str+2 Int+4}
   (You found it on level 8 of a ziggurat)

   In the hands of one skilled in necromantic magic, it inflicts extra damage on
   living creatures.
   It affects your strength (+2).
   It affects your intelligence (+4).
   It makes you vulnerable to fire.
   It protects you from poison.
 V - the +6 morningstar of Vogupeut (weapon) {protect, rN++ Will++ Dex-2}
   (You found it in Pandemonium)

   It grants its wielder temporary protection when it strikes (+7 to AC).
   It affects your dexterity (-2).
   It greatly protects you from negative energy.
   It greatly increases your willpower.
Missiles
 m - 4 throwing nets (quivered)
Armour
 c - a +4 kite shield of reflection (worn)
 j - +3 fire dragon scales (worn)
 p - a +2 pair of gloves (worn)
 w - a +2 cloak of willpower (worn)
 E - a +2 pair of boots of stealth (worn)
 S - the +7 Kryia's mail coat {PotionHeal*2 rC+}
   (You found it on level 1 of the Vaults)

   It protects you from cold.
 X - the +18 shield of the Gong {rElec rN+ Will+ EV-5}
   (You found it on level 8 of a ziggurat)

   It affects your evasion (-5).
   It insulates you from electricity.
   It protects you from negative energy.
   It increases your willpower.
Jewellery
 b - the ring "Ugruot" (right hand) {rCorr Dex-4 Slay+4}
   (You bought it in a shop on level 2 of the Orcish Mines)

   [ring of resist corrosion]

   It affects your dexterity (-4).
   It affects your accuracy and damage with ranged weapons and melee attacks
   (+4).
   It protects you from acid and corrosion.
 t - a ring of positive energy
 G - the necklace of Bloodlust {*Rage +Rage Will++ Int-3 Slay+6}
   (You took it off a deep elf pyromancer on level 3 of the Elven Halls)

   [amulet of nothing]

   It affects your intelligence (-3).
   It affects your accuracy and damage with ranged weapons and melee attacks
   (+6).
   It lets you go berserk.
   It may make you go berserk in combat.
   It greatly increases your willpower.
 L - a ring of protection from cold
 M - the amulet "Ileopy" (around neck) {Faith Fly rN++ Int-5}
   (You bought it in a shop on level 2 of the Orcish Mines)

   [amulet of faith]

   It allows you to gain divine favour quickly.
   It affects your intelligence (-5).
   It greatly protects you from negative energy.
   It grants you flight.
 Q - the ring "Ynestou" (left hand) {rPois AC+4 Dex+3}
   (You bought it in a shop on level 2 of the Orcish Mines)

   [ring of protection]

   It affects your AC (+4).
   It affects your dexterity (+3).
   It protects you from poison.
 W - the amulet of Jyudagha {Will+ Regen+ Str+3 Int-3 Dex+2}
   (You acquired it on level 1 of a ziggurat)

   [amulet of regeneration]

   It affects your strength (+3).
   It affects your intelligence (-3).
   It affects your dexterity (+2).
   It increases your rate of health regeneration.
   It increases your willpower.
 Y - a ring of protection from cold
 Z - a ring of protection from fire
Wands
 i - a wand of mindburst (108)
 k - a wand of polymorph (38)
 n - a wand of iceblast (23)
 y - a wand of charming (38)
 B - a wand of digging (18)
 D - a wand of flame (86)
 H - a wand of acid (13)
Scrolls
 f - 48 scrolls of identify
 g - a scroll of silence
 h - 12 scrolls of teleportation
 l - 20 scrolls of amnesia
 u - 3 scrolls of summoning
 x - 9 scrolls of fog
 A - 6 scrolls of immolation
 C - 8 scrolls of fear
 F - a scroll of enchant weapon
 I - 8 scrolls of magic mapping
Potions
 d - 10 potions of flight
 e - 3 potions of resistance
 q - 4 potions of lignification
 r - 14 potions of curing
 s - 11 potions of mutation
 v - 6 potions of magic
 z - 9 potions of attraction
 J - a potion of cancellation
 N - 3 potions of invisibility
 O - 2 potions of might
 R - 10 potions of brilliance
 U - 5 potions of ambrosia
Miscellaneous
 T - a condenser vane


   Skills:
 + Level 23.7 Fighting
 - Level 18.4(19.6) Axes
 - Level 12.7(16.9) Maces & Flails
 - Level 15.1 Armour
 - Level 16.2 Dodging
 - Level 6.1 Stealth
 - Level 16.5 Shields
 - Level 4.6 Conjurations
 - Level 16.0 Necromancy
 - Level 11.9 Translocations
 - Level 6.1 Transmutations
 - Level 6.1 Earth Magic
 + Level 24.6 Invocations
 - Level 10.4 Evocations


You had 10 spell levels left.
You knew the following spells:

 Your Spells              Type           Power      Damage    Failure   Level
a - Magic Dart            Conj           52%        1d5       2%          1
b - Blink                 Tloc           N/A        N/A       1%          2
c - Apportation           Tloc           68%        N/A       1%          1
d - Vampiric Draining     Necr           23%        2d9       1%          3
e - Passwall              Tmut/Erth      14%        N/A       1%          2
f - Passage of Golubria   Tloc           N/A        N/A       1%          4
g - Lesser Beckoning      Tloc           17%        N/A       1%          3

Your spell library contained the following spells:

 Spells                   Type           Power      Damage    Failure   Level
 Animate Skeleton         Necr           92%        N/A       0%          1
 Pain                     Necr           100%       1d9       0%          1
 Sublimation of Blood     Necr           23%        N/A       0%          2
 Beastly Appendage        Tmut           34%        N/A       1%          1
 Sandblast                Erth           34%        2d9       1%          1
 Corpse Rot               Necr/Air       N/A        N/A       1%          2
 Wereblood                Tmut           17%        N/A       1%          2
 Gell's Gravitas          Tloc           17%        N/A       1%          3
 Teleport Other           Tloc           34%        N/A       1%          3
 Animate Dead             Necr           23%        N/A       1%          4
 Dispel Undead            Necr           46%        3d18      1%          4
 Agony                    Necr           46%        N/A       1%          5
 Excruciating Wounds      Necr           23%        N/A       1%          5
 Manifold Assault         Tloc           34%        N/A       3%          5
 Death Channel            Necr           23%        N/A       3%          6
 Sting                    Tmut/Pois      32%        1d4       5%          1
 Borgnjor's Vile Clutch   Necr/Erth      15%        N/A       5%          5
 Stone Arrow              Conj/Erth      30%        3d8       6%          3
 Foxfire                  Conj/Fire      24%        2x1d5     8%          1
 Petrify                  Tmut/Erth      17%        N/A       17%         4
 Spider Form              Tmut/Pois      4%         N/A       19%         3
 Corona                   Hex            0%         N/A       22%         1
 Freeze                   Ice            0%         1d3       22%         1
 Summon Small Mammal      Summ           0%         N/A       22%         1
 Conjure Flame            Conj/Fire      6%         6-21      26%         3
 Ignite Poison            Fire/Tmut/Pois 5%         N/A       28%         3
 Call Imp                 Summ           0%         N/A       32%         2
 Ensorcelled Hibernation  Hex/Ice        0%         N/A       32%         2
 Poisonous Vapours        Pois/Air       0%         N/A       32%         2
 Slow                     Hex            0%         N/A       32%         2
 Swiftness                Air            0%         N/A       32%         2
 Mephitic Cloud           Conj/Pois/Air  4%         N/A       34%         3
 Hydra Form               Tmut           8%         N/A       45%         5
 Lee's Rapid Deconstruct  Erth           8%         3d8*      47%         5
 Ice Form                 Ice/Tmut       8%         N/A       54%         4
 Call Canine Familiar     Summ           0%         N/A       56%         3
 Confusing Touch          Hex            0%         N/A       56%         3
 Frozen Ramparts          Ice            0%         1d2       56%         3
 Ozocubu's Armour         Ice            0%         N/A       56%         3
 Summon Guardian Golem    Hex/Summ       0%         N/A       56%         3
 Tukima's Dance           Hex            0%         N/A       56%         3
 Animate Armour           Summ/Erth      16%        N/A       56%         4
 Leda's Liquefaction      Hex/Erth       4%         N/A       56%         4
 Hailstorm                Conj/Ice       6%         3d4       67%         4
 Simulacrum               Ice/Necr       11%        N/A       80%         6
 Alistair's Intoxication  Tmut/Pois      5%         N/A       89%         5
 Yara's Violent Unravell  Hex/Tmut       4%         3d4       89%         5
 Infestation              Necr           23%        N/A       92%         8
 Cause Fear               Hex            0%         N/A       94%         4
 Olgreb's Toxic Radiance  Pois           0%         N/A       94%         4
 Summon Ice Beast         Ice/Summ       0%         N/A       94%         4
 Summon Lightning Spire   Summ/Air       0%         N/A       94%         4
 Fireball                 Conj/Fire      3%         3d4       95%         5
 Blade Hands              Tmut           8%         N/A       97%         6
 Statue Form              Tmut/Erth      11%        N/A       97%         6
 Metabolic Englaciation   Hex/Ice        0%         N/A       100%        5
 Silence                  Hex/Air        0%         N/A       100%        5
 Conjure Ball Lightning   Conj/Air       3%         3x3d6     100%        6
 Freezing Cloud           Conj/Ice/Air   2%         6-21      100%        6
 Invisibility             Hex            0%         N/A       100%        6
 Starburst                Conj/Fire      3%         8x6d3     100%        6
 Dragon Form              Tmut           8%         N/A       100%        7
 Haunt                    Necr/Summ      11%        N/A       100%        7
 Malign Gateway           Summ/Tloc      8%         N/A       100%        7
 Monstrous Menagerie      Summ           0%         N/A       100%        7
 Spellforged Servitor     Conj/Summ      3%         N/A       100%        7
 Discord                  Hex            0%         N/A       100%        8
 Ignition                 Fire           0%         3d3       100%        8
 Summon Horrible Things   Summ           0%         N/A       100%        8
 Dragon's Call            Summ           0%         N/A       100%        9
 Tornado                  Air            0%         N/A       100%        9


Dungeon Overview and Level Annotations

Branches:
Dungeon (15/15)            Temple (1/1) D:6            Lair (6/6) D:9
  Swamp (4/4) Lair:3       Spider (4/4) Lair:4        Slime (0/5) Lair:5
    Orc (2/2) D:9             Elf (3/3) Orc:2        Vaults (5/5) D:14
  Crypt (3/3) Vaults:3       Tomb (0/3) Crypt:3      Depths (5/5) D:15
   Hell (visited)             Dis (0/7) Hell            Geh (1/7) Hell
    Coc (0/7) Hell            Tar (0/7) Hell            Zot (0/5) Depths:5
 Bailey (visited)           IceCv (visited)          WizLab (visited)

Altars:
Ashenzari
Cheibriados
Dithmenos
Elyvilon
Fedhas
Gozag
Hepliaklqana
Kikubaaqudgha
Makhleb
Nemelex Xobeh
Okawaru
Qazlal
Ru
Sif Muna
Trog
Uskayaw
Vehumet
Wu Jian
Xom
Yredelemnul
Zin
The Shining One
Beogh

Shops:
D:2 (   D:11 *   Orc:2 =:!?   Elf:1 *   Vaults:1 *[   Vaults:3 *!![

Portals:
Hell: Depths:1 Depths:2 Depths:3 Depths:4 Depths:5
Abyss: Depths:3 Depths:4
Pandemonium: Orc:2 Depths:3

Annotations:
Lair:3 3 runed translucent doors, celly00's ghost, journeyman GnWn
Vaults:3 exclusion: orange crystal statue
Depths:5 4 runed translucent doors


Innate Abilities, Weirdness & Mutations

You have a pair of large antennae on your head. (SInv)
You are surrounded by a strong repulsion field. (EV +4, RMsl)
Your flesh is cold resistant. (rC+)
You frequently emit foul miasma when damaged in melee.
A frigid envelope surrounds you and freezes all who hurt you.
You are completely covered in sharp spines.
You are immune to freezing clouds.
You have a beak for a mouth.
You have razor-sharp toenails.
You are partially covered in large bone plates. (SH +4)
You have supernaturally acute eyesight. (SInv)
You are agile. (Dex +2)
You possess an exceptional clarity of mind.
Your mind is acute. (Int +2)
You are strong-willed. (Will+)
You occasionally shout uncontrollably at your foes.
You evolve.
Your spells are easier to cast, but less powerful.
You expend magic power (3 MP) to strengthen your wands.


Message History

The flow of time bends around you.
Cheibriados rebukes the gelid blood saint.
The gelid blood saint seems to slow down.
The gelid warmonger resists with some effort.
You block the gelid warmonger's attack.
You feel better.
You block the gelid blood saint's attack.
Ohikyquir blinks!
You block the gelid warmonger's attack.
You impale the gelid blood saint!!
You kill the gelid blood saint!
Cheibriados appreciates the change of pace.
You hit the gelid warmonger but do no damage.
You peck the gelid warmonger.
The gelid warmonger is severely wounded.
The gelid warmonger closely misses you.
You hit the gelid warmonger.
You peck the gelid warmonger, but do no damage.
The gelid warmonger is severely wounded.
The gelid warmonger mumbles some strange prayers to its god against you.
Your magic feels tainted.
You feel better.
The gelid warmonger invokes the aid of its god against you.
Your magic feels more tainted.
You hit the gelid warmonger.
The gelid warmonger is severely wounded.
You block the gelid warmonger's attack.
You hit the gelid warmonger but do no damage.
The gelid warmonger is severely wounded.
You feel better.
Ohikyquir gestures.
You hear a mighty clap of thunder!
The lightning arc hits you!
* * * LOW HITPOINT WARNING * * *
The lightning arc hits the gelid warmonger!
The lightning arc hits you!
* * * LOW HITPOINT WARNING * * *
The lightning arc hits the gelid warmonger!!
The gelid warmonger dies!
The lightning arc hits you!
You die...

▓▓▓▓▓▓▓▓▓ ▓......... ▓
▓▓..##.....# .▓▓
▓▓...##.....##.."▓
▓▓...............?|
▓▓.........)..&..))[ ▓
▓.∩.........@....[)$>^
▓▓.........).)....[?∩▓
▓▓...............:}▓
▓▓...##.....##..=▓
▓▓..##....)##..▓▓
▓▓.........&)▓▓
▓▓▓▓▓▓▓▓▓▓▓▓▓


You could see Ohikyquir.

Vanquished Creatures
  Gloorx Vloq (Pan)
  2 dread liches
  4 ancient liches
  Sojobo (Vaults:5)
  Margery (Vaults:3)
  Xtahua (Vaults:2)
  A caustic shrike (Depths:2)
  2 curse toes
  Geryon (Hell)
  the Enchantress (Depths:4)
  A bone dragon (Abyss:2)
  Arachne (Spider:1)
  6 golden dragons
  A Brimstone Fiend (Geh:1)
  An iron giant (Zig:1)
  A doom hound (Zig:6)
  4 Tzitzimimeh
  5 tentacled monstrosities
  A hellephant (Hell)
  A Hell Sentinel (Pan)
  3 deep elf blademasters (Elf:3)
  2 quicksilver dragons
  13 titans
  Rupert (Orc:2)
  9 liches
  2 deep elf master archers (Elf:3)
  An acid blob (Zig:10)
  18 Executioners
  Kirke (D:14)
  4 tentacled starspawn
  6 ancient champions
  A thorn hunter (Swamp:3)
  2 storm dragons
  9 tengu reavers
  7 sphinxes
  3 revenants
  Agnes (Spider:2)
  9 shadow dragons
  4 rockslimes (Zig:10)
  13 vault wardens
  4 iron dragons
  10 fire giants
  14 frost giants
  A draconian knight (Zig:8)
  A draconian scorcher (Zig:8)
  5 ghost moths
  10 balrugs
  9 deep elf sorcerers
  2 orc warlords (Vaults:2)
  Aizul (Swamp:2)
  2 cacodemons
  3 curse skulls
  3 ghouls (Crypt:2)
  A draconian shifter (Zig:8)
  5 deep elf elementalists (Elf:3)
  7 emperor scorpions (Spider:4)
  Louise (Spider:3)
  5 draconian stormcallers
  7 reapers
  30 stone giants
  2 draconian annihilators
  5 spriggan defenders
  30 very ugly things
  4 caustic shrike skeletons (Crypt:3)
  2 blood saints
  5 war gargoyles
  22 ironbound preservers
  A corrupter (Zig:11)
  10 vampire knights
  7 deep elf demonologists
  7 deep elf annihilators
  8 purple draconians
  A green draconian (Depths:5)
  A black sun (Pan)
  9 lorocyprocas
  10 entropy weavers
  6 dire elephants
  4 red draconians (Depths:5)
  7 spark wasps
  An orange crystal statue (WizLab)
  6 bunyips
  2 yellow draconians (Depths:5)
  2 eleionomae (Swamp:1)
  2 white draconians
  11 eidola
  A black draconian (Depths:5)
  Snorg (Lair:6)
  2 merfolk impalers (Depths:4)
  8 deep elf death magi
  A blizzard demon (Hell)
  15 ettins
  An ettin (shapeshifter) (Vaults:5)
  A merfolk javelineer (Abyss:3)
  9 great orbs of eyes
  16 yaktaur captains
  Josephine (D:11)
  15 jiangshi
  6 fire dragons
  2 green deaths (Hell)
  9 deep elf high priests
  3 ice dragons
  9 ironbound thunderhulks
  31 vault guards
  2 shambling mangroves (Swamp:4)
  2 quicksilver dragon zombies
  5 rakshasas
  3 catoblepae
  Fannar (Lair:3)
  6 boulder beetles
  23 hydras
  2 quicksilver dragon skeletons
  A monstrous demonspawn (Pan)
  An alligator snapping turtle (Zig:5)
  A hell beast (Zig:11)
  8 ironbound frosthearts
  4 ghost crabs
  6 spriggan air magi
  11 centaur warriors
  4 ogre magi
  14 alligators
  4 death knights
  4 two-headed ogres
  8 deep troll shamans
  27 dancing weapons
  9 hell hogs
  8 orc high priests
  11 death yaks
  10 deep troll earth magi
  10 vampire magi
  5 ironbound beastmasters
  18 tengu warriors
  Urug (Lair:5)
  5 spriggan berserkers
  19 deep elf knights
  8 thrashing horrors
  25 sun demons
  13 hell knights
  Nergalle (Lair:3)
  19 soul eaters
  11 shadow wraiths
  4 titan skeletons (Crypt:3)
  40 skeletal warriors
  A goliath frog (Swamp:1)
  4 wretched stars
  9 iron trolls
  5 sixfirhies
  16 large abominations
  11 swamp dragons
  2 shadow demons
  A glowing orange brain (shapeshifter) (Depths:5)
  3 glowing orange brains
  2 storm dragon skeletons
  64 deep trolls
  3 torturous demonspawn
  3 spriggan druids
  10 flayed ghosts
  5 anaconda skeletons
  14 orc knights
  6 bog bodies
  26 ironbound convokers
  2 shadow dragon zombies
  9 phantasmal warriors
  6 lindwurms
  21 deep elf pyromancers
  20 deep elf zephyrmancers
  15 wizards
  8 necromancers
  An iron dragon zombie (Crypt:3)
  8 deep elf archers
  A golden dragon skeleton (Pan)
  3 moths of wrath
  62 ugly things
  8 orc sorcerers
  2 shining eyes (Zig:10)
  A cyclops (shapeshifter) (Vaults:5)
  A frost giant zombie (Crypt:2)
  7 oklob plants
  26 wolf spiders
  2 frost giant skeletons
  13 orb spiders
  2 sphinx skeletons
  9 cyclopes
  2 will-o-the-wisps
  A fire giant zombie (Depths:1)
  6 black mambas
  A shadow dragon skeleton (Crypt:3)
  2 manticores
  Maurice (Orc:2)
  A water nymph (Zig:5)
  A salamander (Depths:1)
  Joseph (D:14)
  A worldbinder (Abyss:3)
  28 elephants
  An ice statue (IceCv)
  7 molten gargoyles
  16 vault sentinels
  A black mamba (shapeshifter) (Vaults:5)
  10 rust devils
  An eye of devastation (Vaults:1)
  A guardian serpent (Abyss:3)
  2 stone giant skeletons
  A shock serpent zombie (Crypt:1)
  2 apocalypse crabs (Abyss:3)
  3 orange demons
  13 smoke demons
  3 sea snake zombies (Hell)
  14 cane toads
  2 hellions
  3 torpor snails
  7 rime drakes
  9 unseen horrors
  19 yaktaurs
  A komodo dragon (shapeshifter) (Elf:3)
  A tengu conjurer (Depths:5)
  8 ice devils
  2 dire elephant skeletons
  14 komodo dragons
  A white draconian skeleton (Crypt:3)
  An efreet (D:13)
  A hellwing (Zig:11)
  4 ancient zymes
  19 demonic crawlers
  A meliai (shapeshifter) (D:14)
  A tormentor (Hell)
  2 freezing wraiths
  A wind drake (Zig:5)
  9 red devils
  9 trolls
  3 meliai (Spider:4)
  14 polar bears
  The ghost of anet the Quickloader, an amateur GnHu (D:4)
  26 jumping spiders
  A wind drake (shapeshifter) (Vaults:5)
  A hydra zombie (Hell)
  A sea snake skeleton (Hell)
  16 hornets
  A merfolk (Zig:5)
  2 hydra skeletons
  A wolf spider simulacrum (D:14)
  9 tyrant leeches
  3 raiju (Abyss:3)
  A fire dragon zombie (Crypt:2)
  47 slime creatures
  14 blink frogs
  5 dream sheep (Lair:6)
  2 ice dragon skeletons (Crypt:3)
  A frost giant simulacrum (Depths:1)
  7 ynoxinuls
  A redback (shapeshifter) (Depths:2)
  A centaur simulacrum (D:14)
  3 air elementals
  22 tarantellas
  58 redbacks
  10 flying skulls (Crypt:1)
  2 vampires
  6 spriggans
  4 alligator skeletons
  2 black mamba skeletons
  4 fire elementals
  19 water elementals
  6 shadows
  2 fire dragon skeletons
  81 yaks
  A golden eye (shapeshifter) (Depths:5)
  A hog (shapeshifter) (Vaults:5)
  3 fire bats (Depths:1)
  A golden eye (Abyss:3)
  4 steam dragons (D:9)
  6 wraiths
  A basilisk (shapeshifter) (D:14)
  14 vampire mosquitoes
  2 wyverns
  5 chaos spawn
  3 basilisks
  5 neqoxecs
  2 wargs
  Menkaure (D:5)
  A harpy simulacrum (Crypt:2)
  A swamp worm (shapeshifter) (Vaults:5)
  10 swamp worms
  A cane toad zombie (Geh:1)
  A glowing shapeshifter zombie (Crypt:3)
  11 hell hounds (Hell)
  A monstrous demonspawn zombie (Crypt:1)
  An acid dragon (D:11)
  9 water moccasins
  A floating eye (shapeshifter) (Vaults:1)
  A gelid demonspawn skeleton (Crypt:1)
  5 swamp drakes
  2 cane toad skeletons
  29 orc warriors
  3 snapping turtle zombies
  2 sky beasts
  A black bear (D:4)
  3 necrophages
  A snapping turtle skeleton (Pan)
  A boggart (D:14)
  A dream sheep skeleton (Crypt:2)
  38 wolves
  5 ogres
  15 centaurs
  4 kobold brigands
  A fire crab zombie (Crypt:3)
  An elf zombie (Crypt:3)
  A draconian zombie (Crypt:1)
  A palentonga zombie (Crypt:1)
  14 bullfrogs
  6 scorpions
  2 wyvern zombies (D:8)
  A wyvern skeleton (D:7)
  An elf skeleton (Crypt:3)
  5 killer bees (D:10)
  A warg skeleton (Crypt:3)
  2 spriggan skeletons
  21 wights
  3 howler monkeys (D:12)
  5 electric eels
  9 starcursed masses
  A human zombie (Crypt:1)
  6 hounds
  A centaur zombie (Crypt:2)
  3 gnoll shamans
  22 orc priests
  7 centaur skeletons
  A demonspawn skeleton (Crypt:3)
  A jelly (D:6)
  An iron imp (Abyss:2)
  A human skeleton (Crypt:3)
  Jessica (D:2)
  3 iguanas (D:4)
  Natasha (D:3)
  13 orc wizards
  4 small abominations
  A killer bee zombie (Crypt:2)
  A sky beast zombie (Crypt:2)
  A naga skeleton (Geh:1)
  2 tengu skeletons (Crypt:3)
  A hound skeleton (D:4)
  A howler monkey zombie (D:9)
  Robin (D:4)
  36 gnolls
  8 adders
  A river rat (shapeshifter) (Vaults:5)
  A steam dragon skeleton (Crypt:1)
  A shadow imp (Zig:6)
  3 white imps
  4 ufetubi
  4 worms
  A barachi skeleton (Crypt:2)
  49 orcs
  5 endoplasms
  3 giant cockroaches
  18 goblins
  10 hobgoblins
  2 jackals (D:3)
  A quokka (D:5)
  6 ball pythons
  6 bats
  A frilled lizard (D:3)
  A gnoll skeleton (Crypt:1)
  21 kobolds
  A kobold skeleton (Crypt:3)
  2 kobold zombies
  6 rats
  A briar patch (Swamp:3)
  A butterfly (Lair:5)
  5 starspawn tentacles
2484 creatures vanquished.

Vanquished Creatures (collateral kills)
  A moth of wrath (Spider:4)
  A demonic crawler (Spider:4)
  A hornet (Spider:4)
  A yak (D:11)
  A redback (Spider:4)
  A hound (D:9)
6 creatures vanquished.

Vanquished Creatures (others)
  A dread lich (Zig:9)
  Nikola (Elf:1)
  A warmonger (Zig:11)
  An entropy weaver (Abyss:3)
  A rakshasa (Depths:2)
  An ice dragon (Depths:2)
  A spriggan air mage (Depths:2)
  An ogre mage (Vaults:1)
  A deep elf knight (Elf:2)
  A spriggan druid (Swamp:4)
  A deep elf zephyrmancer (Elf:1)
  A deep elf archer (Elf:1)
  A necromancer (Vaults:2)
  An orb spider (Spider:4)
  2 ugly things (Depths:2)
  A hornet (Spider:4)
  3 bloated husks
  A swamp worm (Swamp:4)
  A hell hound (Hell)
  A kobold brigand (D:14)
  12 foxfires
  39 fungi
  A lurking horror (Abyss:3)
  132 plants
  9 starspawn tentacles
  4 toadstools (Depths:2)
220 creatures vanquished.

Grand Total: 2710 creatures vanquished

Notes
Turn   | Place    | Note
-------+----------+-------------------------------------------
     0 | D:1      | Ijustatesigmund the Demonspawn Fighter began the quest for
                  | the Orb.
     0 | D:1      | Reached XP level 1. HP: 18/18 MP: 1/1
   296 | D:1      | Gained mutation: You are surrounded by a mild repulsion
                  | field. (EV +2) [demonic ancestry]
   296 | D:1      | Reached XP level 2. HP: 16/24 MP: 2/2
   683 | D:1      | Reached skill level 1 in Dodging
   935 | D:1      | Gained mutation: You are surrounded by a moderate repulsion
                  | field. (EV +3) [demonic ancestry]
   935 | D:1      | Reached XP level 3. HP: 27/29 MP: 3/3
  1027 | D:1      | Found a faded altar of an unknown god.
  1172 | D:2      | Learned a level 1 spell: Magic Dart
  1679 | D:2      | Noticed Jessica
  1690 | D:2      | Killed Jessica
  1691 | D:2      | Gained mutation: You may rarely emit foul miasma when
                  | damaged in melee. [demonic ancestry]
  1691 | D:2      | Reached XP level 4. HP: 16/35 MP: 4/4
  2246 | D:2      | Found Pacoimmua's Antique Weapon Shoppe.
  2666 | D:3      | Noticed an angel
  2999 | D:3      | Noticed Natasha
  3007 | D:3      | Killed Natasha
  3008 | D:3      | Gained mutation: You are partially covered in sharp spines.
                  | [demonic ancestry]
  3008 | D:3      | Reached XP level 5. HP: 42/42 MP: 5/5
  3243 | D:4      | Noticed a necrophage
  3257 | D:4      | Killed a necrophage
  3499 | D:4      | Reached XP level 6. HP: 35/48 MP: 6/6
  3944 | D:4      | Noticed Robin
  3954 | D:4      | Killed Robin
  4167 | D:4      | Reached skill level 5 in Axes
  4167 | D:4      | Gained mutation: You are surrounded by a strong repulsion
                  | field. (EV +4, RMsl) [demonic ancestry]
  4167 | D:4      | Reached XP level 7. HP: 34/55 MP: 7/7
  4425 | D:4      | Identified the +5 spear of Hoass {venom, Will+ SInv}
  4655 | D:4      | Reached skill level 5 in Fighting
  4930 | D:4      | Found a transporter.
  4931 | D:4      | Found a transporter.
  4939 | D:4      | Noticed anet's ghost (amateur GnHu)
  5269 | D:5      | Entered Level 5 of the Dungeon
  5384 | D:5      | Noticed Menkaure
  5390 | D:5      | Killed Menkaure
  6219 | D:2      | Bought a runed broad axe for 189 gold pieces
  6351 | D:4      | Reached XP level 8. HP: 63/63 MP: 8/8
  6651 | D:4      | Killed anet's ghost
  6952 | D:6      | Upgraded the game from 0.27-a0-901-g8736458e1e to
                  | 0.27-a0-906-g0a00ce863d
  7298 | D:6      | Found a staircase to the Ecumenical Temple.
  7316 | Temple   | Entered the Ecumenical Temple
  8497 | D:7      | Gained mutation: You are mostly covered in sharp spines.
                  | [demonic ancestry]
  8497 | D:7      | Reached XP level 9. HP: 69/71 MP: 9/9
  9771 | D:9      | Reached skill level 5 in Armour
  9965 | D:9      | Noticed a troll
 10340 | D:9      | Reached XP level 10. HP: 78/80 MP: 10/10
 11502 | D:9      | Found a staircase to the Lair.
 11708 | D:9      | Found a staircase to the Orcish Mines.
 12076 | Lair:1   | Entered Level 1 of the Lair of Beasts
 12178 | Lair:1   | Noticed a cane toad
 12183 | Lair:1   | Noticed a cane toad
 12185 | Lair:1   | Killed a cane toad
 12186 | Lair:1   | Reached skill level 10 in Axes
 12191 | Lair:1   | Killed a cane toad
 12199 | Lair:1   | Found a gate leading to a gauntlet.
 12424 | Lair:1   | Noticed a cane toad
 12433 | Lair:1   | Killed a cane toad
 12986 | Lair:1   | Reached skill level 5 in Shields
 12986 | Lair:1   | Gained mutation: You have a pair of small antennae on your
                  | head. [demonic ancestry]
 12986 | Lair:1   | Reached XP level 11. HP: 78/89 MP: 11/11
 13058 | Lair:1   | Gained mutation: You evolve. [potion of mutation]
 13058 | Lair:1   | Gained mutation: Your flesh is cold resistant. (rC+)
                  | [potion of mutation]
 13058 | Lair:1   | Gained mutation: You have supernaturally acute eyesight.
                  | (SInv) [potion of mutation]
 13450 | D:10     | Entered Level 10 of the Dungeon
 13470 | D:10     | Noticed a two-headed ogre
 13475 | D:10     | Killed a two-headed ogre
 13802 | Temple   | Became a worshipper of Cheibriados the Contemplative
 14265 | D:10     | Reached skill level 1 in Invocations
 14270 | D:10     | Reached * piety under Cheibriados
 14493 | D:11     | Reached skill level 10 in Fighting
 14494 | D:11     | Reached skill level 2 in Invocations
 14502 | D:11     | Noticed a brown ugly thing
 14626 | D:11     | Killed a brown ugly thing
 14627 | D:11     | Reached skill level 3 in Invocations
 14878 | D:11     | Noticed Josephine
 15156 | D:11     | Killed Josephine
 15157 | D:11     | Reached skill level 5 in Dodging
 15498 | D:11     | Noticed a white ugly thing
 15519 | D:10     | Reached skill level 4 in Invocations
 15725 | D:11     | Killed a white ugly thing
 15726 | D:11     | Reached XP level 12. HP: 68/98 MP: 15/15
 15740 | D:11     | Reached ** piety under Cheibriados
 16009 | D:10     | Lost mutation: You evolve. [evolution]
 16173 | D:11     | Found Tuplum's General Store.
 16181 | D:11     | Bought a scroll of noise for 14 gold pieces
 16592 | D:11     | Reached skill level 5 in Invocations
 16748 | D:12     | Noticed a centaur warrior
 16756 | D:12     | Killed a centaur warrior
 17344 | D:12     | Reached skill level 6 in Invocations
 17916 | D:12     | Noticed a two-headed ogre
 17922 | D:12     | Killed a two-headed ogre
 18013 | D:13     | Identified the +4 flail of Checkmate {drain, Drain +Rage
                  | rElec Dex+5}
 18014 | D:13     | Noticed a catoblepas
 18025 | D:13     | Killed a catoblepas
 18025 | D:13     | Reached *** piety under Cheibriados
 18277 | D:13     | Reached skill level 7 in Invocations
 18317 | D:13     | Noticed a tengu warrior
 18318 | D:13     | Noticed a centaur warrior
 18318 | D:13     | Noticed a boulder beetle
 18319 | D:13     | Noticed a centaur warrior
 18319 | D:13     | Noticed a centaur warrior
 18319 | D:13     | Noticed a death knight
 18412 | D:13     | Found a flagged portal.
 18423 | Bailey   | Entered a bailey
 18523 | Bailey   | Reached **** piety under Cheibriados
 18554 | Bailey   | Learned a level 2 spell: Blink
 18701 | D:13     | Noticed a tengu warrior
 18701 | D:13     | Noticed a centaur warrior
 18703 | D:13     | Noticed a tengu warrior
 18705 | D:13     | Killed a centaur warrior
 18705 | D:13     | Killed a centaur warrior
 18706 | D:13     | Reached skill level 8 in Invocations
 18708 | D:13     | Killed a tengu warrior
 18709 | D:13     | Killed a tengu warrior
 18715 | D:13     | Killed a centaur warrior
 18716 | D:13     | Reached skill level 9 in Invocations
 18743 | D:13     | Killed a tengu warrior
 18744 | D:13     | Gained mutation: You have a pair of antennae on your head.
                  | [demonic ancestry]
 18744 | D:13     | Reached XP level 13. HP: 63/106 MP: 14/19
 19126 | D:13     | Reached skill level 10 in Invocations
 19272 | D:13     | Reached skill level 5 in Translocations
 19928 | Lair:1   | Upgraded the game from 0.27-a0-906-g0a00ce863d to
                  | 0.27-a0-909-g0721f309d1
 21129 | Lair:2   | Reached skill level 1 in Evocations
 21133 | Lair:2   | Reached skill level 11 in Invocations
 22205 | Lair:3   | Found a staircase to the Swamp.
 22630 | Lair:3   | Noticed Fannar
 22738 | Lair:3   | Reached skill level 12 in Invocations
 22795 | Lair:3   | Killed Fannar
 22797 | Lair:3   | Noticed Nergalle
 22816 | Lair:3   | Killed Nergalle
 22932 | Lair:3   | Reached ***** piety under Cheibriados
 23097 | Lair:3   | Found a runed translucent gate.
 23098 | Lair:3   | Found a runed translucent gate.
 23099 | Lair:3   | Found a runed translucent gate.
 23100 | Lair:3   | Noticed celly00's ghost (journeyman GnWn)
 23263 | Lair:3   | Found a hide-covered altar of Uskayaw.
 23411 | Lair:3   | Found an ornate altar of the Wu Jian Council.
 23835 | Lair:1   | Reached skill level 5 in Evocations
 23835 | Lair:1   | Mutation became permanent: Your flesh is cold resistant.
                  | (rC+) [demonic ancestry]
 23835 | Lair:1   | Gained mutation: Your flesh is cold resistant. (rC+)
                  | [demonic ancestry]
 23835 | Lair:1   | Reached XP level 14. HP: 113/113 MP: 23/23
 24531 | Lair:4   | Found a frozen archway.
 24534 | Lair:4   | Reached skill level 13 in Invocations
 24546 | IceCv    | Entered an ice cave
 24570 | IceCv    | Gained mutation: You have a pair of large antennae on your
                  | head. (SInv) [demonic ancestry]
 24570 | IceCv    | Reached XP level 15. HP: 119/119 MP: 24/24
 25197 | IceCv    | Reached ****** piety under Cheibriados
 25249 | IceCv    | Noticed a frost giant
 25261 | IceCv    | Killed a frost giant
 25396 | IceCv    | Identified Zoer's Volume of the Frostbite
 25739 | Lair:4   | Found a hole to the Spider Nest.
 26643 | Lair:5   | Noticed Urug
 26656 | Lair:5   | Killed Urug
 26790 | Lair:5   | Reached skill level 14 in Invocations
 27924 | Lair:5   | Found a staircase to the Slime Pits.
 28293 | Lair:6   | Entered Level 6 of the Lair of Beasts
 29036 | Lair:6   | Noticed Snorg
 29048 | Lair:6   | Killed Snorg
 29522 | Lair:6   | Reached XP level 16. HP: 129/129 MP: 27/27
 29778 | Lair:6   | Reached skill level 15 in Invocations
 29785 | Lair:6   | Reached skill level 10 in Translocations
 30633 | Lair:6   | Identified the +11 dagger of Abuse {vorpal, rElec rF-
                  | Will++ Int+2}
 30928 | Orc:1    | Entered Level 1 of the Orcish Mines
 31701 | Orc:2    | Entered Level 2 of the Orcish Mines
 31701 | Orc:2    | Noticed Maurice
 31709 | Orc:2    | Killed Maurice
 32225 | Orc:2    | Found Xueteun's Magic Scroll Shoppe.
 32233 | Orc:2    | Found Cacoadei's Distillery.
 32280 | Orc:2    | Gained mutation: Armour fits poorly on your strangely
                  | shaped body. [a neqoxec]
 32676 | Orc:2    | Found a staircase to the Elven Halls.
 32737 | Orc:2    | Noticed Rupert
 32754 | Orc:2    | Killed Rupert
 32795 | Orc:2    | Found Qitual's Jewellery Shop.
 32809 | Orc:2    | Bought the ring "Ugruot" {rCorr Dex-4 Slay+4} for 495 gold
                  | pieces
 32809 | Orc:2    | Bought the ring "Ynestou" {rPois AC+4 Dex+3} for 749 gold
                  | pieces
 32961 | Orc:2    | Cast into level 3 of the Abyss (orc knight)
 33044 | Abyss:3  | Identified the +2 ring mail "Jenich" {rF+ Str+4}
 33211 | Abyss:3  | Paralysed by accursed screaming for 1 turns
 33287 | Orc:2    | Escaped the Abyss
 33344 | Orc:2    | Lost mutation: Armour fits poorly on your strangely shaped
                  | body. [potion of mutation]
 33344 | Orc:2    | Gained mutation: Your muscles are strong. (Str +2) [potion
                  | of mutation]
 33344 | Orc:2    | Gained mutation: You evolve. [potion of mutation]
 33344 | Orc:2    | Gained mutation: You are partially covered in large bone
                  | plates. (SH +4) [potion of mutation]
 33393 | Orc:2    | Gained mutation: You sometimes lose the ability to read
                  | scrolls when taking damage. [a neqoxec]
 33474 | Orc:2    | Found Duicedan's Book Boutique.
 33474 | Orc:2    | Found Wees's Antique Weapon Shop.
 33475 | Orc:2    | Found a one-way gate leading to the halls of Pandemonium.
 33629 | Orc:2    | Bought a scroll of identify for 30 gold pieces
 33629 | Orc:2    | Bought a scroll of teleportation for 45 gold pieces
 33629 | Orc:2    | Bought a scroll of fear for 52 gold pieces
 33629 | Orc:2    | Bought a scroll of teleportation for 45 gold pieces
 33629 | Orc:2    | Bought a scroll of identify for 30 gold pieces
 33629 | Orc:2    | Bought a scroll of enchant weapon for 112 gold pieces
 33629 | Orc:2    | Bought a scroll of enchant weapon for 112 gold pieces
 33629 | Orc:2    | Bought a scroll of fear for 52 gold pieces
 33629 | Orc:2    | Bought a scroll of enchant armour for 112 gold pieces
 33629 | Orc:2    | Bought a scroll of identify for 30 gold pieces
 33868 | D:13     | Gained mutation: You are agile. (Dex +2) [evolution]
 34162 | D:14     | Noticed Kirke
 34182 | D:14     | Killed Kirke
 34493 | D:14     | Found a gate to the Vaults.
 34513 | D:14     | Noticed Joseph
 34519 | D:14     | Killed Joseph
 34631 | D:14     | Reached XP level 17. HP: 129/136 MP: 28/28
 34875 | D:15     | Entered Level 15 of the Dungeon
 35067 | D:15     | Reached skill level 10 in Armour
 35438 | D:15     | Found a staircase to the Depths.
 35494 | D:15     | Found a sparkling altar of Nemelex Xobeh.
 35977 | D:15     | Identified the Incunabulum of Creative Transformation
 36399 | Spider:1 | Entered Level 1 of the Spider Nest
 36830 | Spider:1 | Reached skill level 10 in Dodging
 37719 | Spider:2 | Noticed Arachne
 37735 | Spider:1 | Killed Arachne
 37880 | Spider:2 | Lost mutation: You are agile. (Dex +2) [potion of mutation]
 37880 | Spider:2 | Lost mutation: Your muscles are strong. (Str +2) [potion of
                  | mutation]
 37880 | Spider:2 | Gained mutation: Your system is resistant to poisons.
                  | (rPois) [potion of mutation]
 37880 | Spider:2 | Gained mutation: You are agile. (Dex +2) [potion of
                  | mutation]
 37881 | Spider:2 | Lost mutation: Your system is resistant to poisons. (rPois)
                  | [potion of mutation]
 37881 | Spider:2 | Lost mutation: You sometimes lose the ability to read
                  | scrolls when taking damage. [potion of mutation]
 37881 | Spider:2 | Gained mutation: Your magical capacity is low. (-10% MP)
                  | [potion of mutation]
 37881 | Spider:2 | Gained mutation: Your spells are a little easier to cast,
                  | but a little less powerful. [potion of mutation]
 37881 | Spider:2 | Gained mutation: You expend magic power (3 MP) to
                  | strengthen your wands. [potion of mutation]
 38180 | Spider:2 | Noticed Agnes
 38189 | Spider:2 | Killed Agnes
 38539 | Spider:2 | Gained mutation: Your mind is acute. (Int +2) [evolution]
 39291 | Spider:3 | Reached skill level 16 in Invocations
 39765 | Spider:3 | Identified the -3 tower shield of the Maze {rC+ SInv}
 39765 | Spider:3 | Noticed Louise
 39786 | Spider:3 | Gained mutation: You are completely covered in sharp
                  | spines. [demonic ancestry]
 39786 | Spider:3 | Reached XP level 18. HP: 126/145 MP: 21/27
 39790 | Spider:3 | Killed Louise
 40052 | Spider:4 | Entered Level 4 of the Spider Nest
 41558 | Spider:4 | Got a gossamer rune of Zot
 42020 | Vaults:1 | Entered Level 1 of the Vaults
 42064 | Vaults:1 | Found Zinouma's Armour Shop.
 42085 | Vaults:1 | Bought a +1 cloak of willpower for 280 gold pieces
 42094 | Vaults:1 | Found the +7 Kryia's mail coat {PotionHeal*2 rC+}
 42101 | Vaults:1 | Found Axo Xial's General Store.
 42392 | Vaults:1 | Reached skill level 17 in Invocations
 43743 | Vaults:1 | Gained mutation: You are immune to freezing clouds.
                  | [demonic ancestry]
 43743 | Vaults:1 | Reached XP level 19. HP: 66/154 MP: 28/28
 43915 | Vaults:1 | Reached skill level 10 in Evocations
 44051 | Vaults:1 | Reached skill level 15 in Fighting
 44397 | Vaults:1 | Identified the Tome of Warped Dark Magic
 44488 | Vaults:1 | Reached skill level 18 in Invocations
 44592 | Vaults:1 | Identified Sif Muna's Guide on Black Rites and the Rocks
 44614 | Vaults:1 | Learned a level 1 spell: Apportation
 44618 | Vaults:1 | Learned a level 3 spell: Vampiric Draining
 44713 | Vaults:1 | Reached skill level 1 in Necromancy
 45421 | Vaults:2 | Reached skill level 5 in Necromancy
 46034 | Vaults:2 | Reached skill level 10 in Necromancy
 46125 | Vaults:2 | You fall into a shaft and drop 2 floors!
 46144 | Vaults:3 | Found Oseicria's Distillery.
 46151 | Vaults:3 | Bought 2 potions of curing for 66 gold pieces
 46151 | Vaults:3 | Bought a potion of invisibility for 88 gold pieces
 46390 | Vaults:3 | Found a staircase to the Crypt.
 46429 | Vaults:3 | Gained mutation: You sometimes emit foul miasma when
                  | damaged in melee. [demonic ancestry]
 46429 | Vaults:3 | Reached XP level 20. HP: 162/162 MP: 29/29
 46635 | Vaults:2 | Noticed Xtahua
 46650 | Vaults:2 | Killed Xtahua
 47604 | Vaults:3 | Found Kuph's Armour Shoppe.
 47610 | Vaults:3 | Upgraded the game from 0.27-a0-909-g0721f309d1 to
                  | 0.27-a0-911-gfacc31910f
 48164 | Vaults:3 | Found Geutit's Distillery.
 48174 | Vaults:3 | Bought a potion of heal wounds for 115 gold pieces
 48174 | Vaults:3 | Bought a potion of heal wounds for 115 gold pieces
 48174 | Vaults:3 | Bought a potion of mutation for 184 gold pieces
 48259 | Vaults:3 | Noticed Margery
 48266 | Vaults:3 | Reached skill level 15 in Axes
 48281 | Vaults:3 | Killed Margery
 48916 | Vaults:3 | Gained mutation: You have sharp toenails. [evolution]
 49272 | Vaults:3 | Found Kiepnyci's General Store.
 49281 | Vaults:3 | Bought a scroll of enchant armour for 105 gold pieces
 50115 | Vaults:4 | Reached skill level 10 in Shields
 50571 | Vaults:4 | Identified the +1 arbalest of Bread {freeze, rC++}
 51397 | Depths:1 | Entered Level 1 of the Depths
 51648 | Depths:1 | Gained mutation: A frigid envelope surrounds you and
                  | freezes all who hurt you. [demonic ancestry]
 51648 | Depths:1 | Reached XP level 21. HP: 104/169 MP: 30/30
 52344 | Depths:1 | Found a gateway to Hell.
 53616 | Depths:2 | Identified a scroll of acquirement
 53617 | Depths:2 | Acquired a manual of Dodging
 53805 | Depths:2 | Reached skill level 1 in Conjurations
 53991 | Depths:2 | Noticed a caustic shrike
 53999 | Depths:2 | Reached skill level 19 in Invocations
 54003 | Depths:2 | Killed a caustic shrike
 54322 | Depths:2 | Found a shadowy altar of Dithmenos.
 55262 | Depths:3 | Reached XP level 22. HP: 127/178 MP: 30/32
 55269 | Depths:3 | Noticed a golden dragon
 55283 | Depths:3 | Killed a golden dragon
 55326 | Depths:3 | Lost mutation: Your magical capacity is low. (-10% MP)
                  | [evolution]
 56180 | Depths:3 | Found a one-way gate to the infinite horrors of the Abyss.
 56306 | Depths:3 | Learned a level 2 spell: Passwall
 56437 | Depths:3 | Reached skill level 1 in Transmutations
 56437 | Depths:3 | Reached skill level 1 in Earth Magic
 56479 | Depths:3 | Found a gateway to a ziggurat.
 57085 | Depths:4 | Noticed a golden dragon
 57109 | Depths:4 | Killed a golden dragon
 57174 | Depths:4 | Noticed the Enchantress
 57188 | Depths:4 | Killed the Enchantress
 57591 | Depths:4 | Reached skill level 5 in Transmutations
 57591 | Depths:4 | Reached skill level 5 in Earth Magic
 58148 | Swamp:1  | Entered Level 1 of the Swamp
 58183 | Swamp:1  | Reached skill level 1 in Maces & Flails
 59510 | Swamp:1  | Gained mutation: You have razor-sharp toenails. [evolution]
 59635 | Swamp:2  | Identified Sif Muna's Catalogue of Shifting Ignition
 59738 | Swamp:2  | Reached XP level 23. HP: 175/185 MP: 36/36
 60096 | Swamp:2  | Noticed Aizul
 60107 | Swamp:2  | Killed Aizul
 60446 | Swamp:3  | Reached skill level 1 in Stealth
 60916 | Swamp:3  | Reached skill level 15 in Dodging
 61210 | Swamp:3  | Reached skill level 5 in Maces & Flails
 61346 | Swamp:4  | Entered Level 4 of the Swamp
 61546 | Swamp:4  | Got a decaying rune of Zot
 61809 | Swamp:4  | Learned a level 4 spell: Passage of Golubria
 63244 | Depths:5 | Entered Level 5 of the Depths
 63813 | Depths:5 | Reached skill level 5 in Stealth
 64485 | Depths:5 | Found a runed translucent door.
 64515 | Depths:5 | Found a runed translucent door.
 64526 | Depths:5 | Found a runed translucent door.
 65107 | Depths:5 | Found a gate to the Realm of Zot.
 65138 | Depths:5 | Found a runed translucent door.
 65156 | Depths:5 | Found a runed translucent door.
 65164 | Depths:5 | Found a runed translucent door.
 66073 | Vaults:5 | Entered Level 5 of the Vaults
 66088 | Vaults:4 | Reached skill level 20 in Invocations
 66188 | Vaults:4 | Reached XP level 24. HP: 171/193 MP: 37/37
 66541 | Vaults:5 | Noticed a dread lich
 66551 | Vaults:4 | Paralysed by a dread lich for 4 turns
 66556 | Vaults:4 | Killed a dread lich
 67025 | Vaults:5 | Gained mutation: You possess an exceptional clarity of
                  | mind. [evolution]
 67474 | Vaults:5 | Noticed Sojobo
 67493 | Vaults:5 | Killed Sojobo
 67602 | Vaults:5 | Noticed an ancient lich
 67792 | Vaults:5 | Reached skill level 21 in Invocations
 67811 | Vaults:5 | Killed an ancient lich
 68748 | Vaults:5 | Identified the +1 dagger of Rugoyts {pain, Drain rPois rF+
                  | Will+ Str+2}
 69278 | Vaults:5 | Identified the +7 crystal plate armour "Amniuz" {*Slow
                  | Regen+ MP+9 Stlth+}
 69286 | Vaults:5 | Reached XP level 25. HP: 189/203 MP: 33/37
 69293 | Vaults:5 | Got a silver rune of Zot
 69294 | Vaults:5 | Identified the +7 war axe of Inference {holy, rElec}
 69323 | Vaults:5 | Acquired 894 gold pieces
 69784 | Orc:2    | Bought the amulet of the Scarab {Reflect +Inv Will+ SH+5}
                  | for 694 gold pieces
 69974 | Orc:2    | Bought the amulet "Ileopy" {Faith Fly rN++ Int-5} for 687
                  | gold pieces
 70252 | Hell     | Entered the Vestibule of Hell
 70261 | Hell     | Gained mutation: You occasionally shout uncontrollably at
                  | your foes. [a cacodemon]
 70289 | Hell     | Noticed Geryon
 70546 | Depths:1 | Learned a level 3 spell: Lesser Beckoning
 70743 | Hell     | Killed Geryon
 71665 | Hell     | Reached skill level 15 in Shields
 71866 | Hell     | Found a gateway to the decaying netherworld of Tartarus.
 71968 | Hell     | Found a gateway to the freezing wastes of Cocytus.
 72155 | Hell     | Found a gateway to the Iron City of Dis.
 72203 | Hell     | Found a gateway to the ashen valley of Gehenna.
 72686 | Crypt:1  | Entered Level 1 of the Crypt
 75039 | Crypt:2  | Gained mutation: You are strong-willed. (Will+) [evolution]
 75042 | Crypt:2  | Identified the Grimoire of Darkness
 75247 | Crypt:3  | Entered Level 3 of the Crypt
 75318 | Crypt:3  | Reached XP level 26. HP: 192/213 MP: 37/37
 75465 | Crypt:3  | Found a staircase to the Tomb.
 75907 | Crypt:3  | Noticed an ancient lich
 75920 | Crypt:3  | Killed an ancient lich
 76302 | Crypt:3  | Identified the Almanac of Necromancy
 77360 | Elf:1    | Entered Level 1 of the Elven Halls
 77537 | Elf:1    | Noticed Nikola
 77543 | Elf:1    | Killed Nikola
 78079 | Elf:1    | Identified the +0 cloak "Onulaq" {rPois}
 78448 | Elf:1    | Found a radiant altar of Vehumet.
 78471 | Elf:1    | Identified the +4 hand axe of the Hawk {antimagic, Str+3
                  | Int+3}
 78637 | Elf:1    | Found the +7 great mace "Undeadhunter" {disrupt, rN+}
 78690 | Elf:1    | Found Teschun's General Store.
 78698 | Elf:1    | Bought a scroll of teleportation for 48 gold pieces
 78793 | Elf:2    | Found an ancient bone altar of Kikubaaqudgha.
 78853 | Elf:2    | Found a magical portal.
 78862 | WizLab   | Entered Wucad Mu's Monastery
 79149 | WizLab   | Found the +9 staff of Wucad Mu {*channel}
 79193 | WizLab   | Gained mutation: You frequently emit foul miasma when
                  | damaged in melee. [demonic ancestry]
 79193 | WizLab   | Reached XP level 27. HP: 224/224 MP: 37/37
 79392 | Elf:2    | Found a runed translucent gate.
 79392 | Elf:2    | Found a runed translucent gate.
 79398 | Elf:2    | Found a runed translucent gate.
 80154 | Elf:3    | Entered Level 3 of the Elven Halls
 80371 | Elf:3    | Identified the Almanac of Calling
 80573 | Elf:3    | Found an ancient bone altar of Kikubaaqudgha.
 80851 | Elf:3    | Reached skill level 15 in Necromancy
 80960 | Elf:3    | Identified the +1 chain mail of Ogeugy {Fly rElec Int-5
                  | SInv}
 80961 | Elf:3    | Found the +6 arbalest "Damnation" {damnation}
 80995 | Elf:3    | Identified the +4 war axe "Pekikile" {flame, rElec}
 80999 | Elf:3    | Identified the +2 cloak of Ceroiwn {Str+3}
 81002 | Elf:3    | Identified the ring "Teqeg" {Fire Str+4 Stlth+}
 81003 | Elf:3    | Identified the Reference Book on Dusty Creation
 81544 | Depths:3 | Voluntarily entered the Abyss.
 81592 | Abyss:2  | Found a corrupted altar of Lugonu.
 82069 | Abyss:3  | Got an abyssal rune of Zot
 82079 | Depths:3 | Escaped the Abyss
 82394 | Pan      | Entered the realm of Gloorx Vloq.
 82394 | Pan      | Entered Pandemonium
 82450 | Pan      | Found an exit through the horrors of the Abyss.
 83557 | Pan      | Noticed Gloorx Vloq
 83573 | Pan      | Killed Gloorx Vloq
 83574 | Pan      | Reached skill level 15 in Armour
 83585 | Pan      | Got a dark rune of Zot
 83953 | Pan      | Identified the +6 morningstar of Vogupeut {protect, rN++
                  | Will++ Dex-2}
 84022 | Pan      | Reached skill level 22 in Invocations
 84341 | Pan      | Reached skill level 10 in Maces & Flails
 84473 | Pan      | Found a transporter.
 84536 | Pan      | Found an exit through the horrors of the Abyss.
 85202 | Depths:3 | Escaped Pandemonium
 85286 | Geh:1    | Entered Level 1 of Gehenna
 85369 | Depths:2 | Gained mutation: You have a beak for a mouth. [evolution]
 85400 | Zig:1    | Entered Level 1 of a ziggurat
 85416 | Zig:1    | Acquired the amulet of Jyudagha {Will+ Regen+ Str+3 Int-3
                  | Dex+2}
 85427 | Zig:2    | Entered Level 2 of a ziggurat
 85444 | Zig:2    | Identified the +0 shortbow "Dragonbane" {flame, Str+2 Int+4
                  | Dex-2}
 85449 | Zig:3    | Entered Level 3 of a ziggurat
 85481 | Zig:4    | Entered Level 4 of a ziggurat
 85493 | Zig:4    | Reached skill level 23 in Invocations
 85511 | Zig:5    | Entered Level 5 of a ziggurat
 85555 | Zig:6    | Entered Level 6 of a ziggurat
 86023 | Zig:6    | Upgraded the game from 0.27-a0-911-gfacc31910f to
                  | 0.27-a0-955-gb57c80000f
 86025 | Zig:7    | Entered Level 7 of a ziggurat
 86032 | Zig:7    | Noticed an ancient lich
 86037 | Zig:7    | Noticed an ancient lich
 86048 | Zig:7    | Killed an ancient lich
 86054 | Zig:7    | Killed an ancient lich
 86073 | Zig:7    | Identified the +7 hunting sling of Prescription {flame,
                  | Drain rElec Will+ Dex+5}
 86078 | Zig:8    | Entered Level 8 of a ziggurat
 86100 | Zig:8    | Found the +18 shield of the Gong {rElec rN+ Will+ EV-5}
 86149 | Zig:8    | Identified the +9 great mace of Blood-Lust {antimagic,
                  | Int+3}
 86150 | Zig:8    | Identified the +2 leather armour "Zeggogent" {Str+3}
 86151 | Zig:8    | Identified the +1 hand crossbow of Expedience {penet, rElec
                  | Dex-4 SInv}
 86153 | Zig:8    | Identified the +10 broad axe of Light {pain, rPois rF-
                  | Str+2 Int+4}
 86377 | Zig:9    | Entered Level 9 of a ziggurat
 86385 | Zig:9    | Noticed a dread lich
 86386 | Zig:9    | Noticed a dread lich
 86388 | Zig:9    | Killed a dread lich
 86402 | Zig:9    | Killed a dread lich
 86403 | Zig:9    | Reached skill level 24 in Invocations
 86830 | Zig:10   | Entered Level 10 of a ziggurat
 86855 | Zig:10   | Gained mutation: Your spells are easier to cast, but less
                  | powerful. [a shining eye]
 87023 | Zig:11   | Entered Level 11 of a ziggurat
 87057 | Zig:11   | Noticed Ohikyquir the pandemonium lord
 87065 | Zig:11   | HP: 3/237 [gelid warmonger/+2 dire flail of protection
                  | (16)]
 87079 | Zig:11   | HP: 10/237 [Ohikyquir the pandemonium lord/chain lightning
                  | (15)]
 87079 | Zig:11   | Killed from afar by Ohikyquir the pandemonium lord

Illustrated notes

Levels and vault maps discovered:
D:1:      lemuel_arrival_funnel, layout_basic, basic_ecumenical_altar,
          st_stairs_3, kennysheep_decorative_pillar, serial_bayou_pond_c,
          minmay_distorted
D:2:      layout_rooms, serial_shops, shop, kennysheep_generic_room_8,
          uniq_jessica
D:3:      layout_loops_ring, zin_angel, uniq_natasha
D:4:      layout_loops_corners, gammafunk_ghost_gnarly_gnolls, uniq_robin
D:5:      layout_basic, grunt_decor_arrowhead, uniq_menkaure
D:6:      layout_cave_pods, temple_green, hangedman_decor_lopped
D:7:      layout_gridville
D:8:      kennysheep_blocky_hall, layout_loops_ring, grunt_decor_cap
D:9:      cheibrodos_steamvent, layout_gridville, erik_lair_island
D:10:     layout_roguey
D:11:     layout_loops_ring, serial_shops, shop, chequers_garden, uniq_josephine
D:12:     layout_loops_ring
D:13:     layout_long_grid, enter_bailey_7, minmay_mirror_moons_of_madness
D:14:     layout_roguey, hangedman_vaults_entry_quadrant_bands, serial_curves,
          eino_curves_02, eino_curves_02, minmay_sticks_and_stones, uniq_kirke
D:15:     hangedman_depths_entry_civil_slaughter, layout_loops_corners,
          nemelex_xobeh_ov_fountains_minmay
Temple:   minmay_crystal_snake_temple
Lair:1:   layout_long_grid, gauntlet_entry_generic,
          nicolae_quartered_pool_little, minmay_lair_oklob_chamber
Lair:2:   layout_gridlike
Lair:3:   layout_loops_ring, swamp_mist, ebering_ghost_rock_garden,
          nzn_masters_of_martial_movement, lemuel_fruit_tree,
          infiniplex_staircase_pool_2, uniq_fannar, uniq_nergalle
Lair:4:   layout_small_grid, nicolae_spider_entry_non_spiders,
          portal_ice_cave_rime
Lair:5:   layout_concentric_octagons, minmay_slime_entry_oklob_enclosed,
          lemuel_fruit_fields, uniq_urug
Lair:6:   grunt_lair_end_beastmaster, layout_hall_layers, minivault_27,
          grunt_megastairs_2, uniq_snorg
Swamp:1:  layout_basic_swamp, evilmike_swamp_ruin_house_1, swamp_pool4
Swamp:2:  layout_basic_swamp, hangedman_swamp_ruin_hall, swamp_pool1, uniq_aizul
Swamp:3:  layout_basic_swamp, nicolae_swamp_godswood, infiniplex_staircase_pool
Swamp:4:  swamp_alternative, layout_basic_swamp
Spider:1: layout_spider_delve, nicolae_spider_eight_legs
Spider:2: layout_chambers, uniq_arachne, uniq_agnes
Spider:3: layout_spider_delve, nicolae_spider_wall_of_niches, uniq_louise
Spider:4: guppyfry_spider_rune
Orc:1:    layout_caves, basic_altar
Orc:2:    pf_orc_diabolical, layout_caves, serial_shops, nicolae_shop_stone,
          uniq_maurice, uniq_rupert
Elf:1:    elf_arrival_002, layout_gridlike, serial_shops, shop, basic_altar,
          kennysheep_underground_church, due_unseen_surprise, uniq_nikola
Elf:2:    layout_geoelf_grid, mu_enter_wizlab_6, basic_altar
Elf:3:    minmay_elf_hall_statues, layout_geoelf_grid,
          serial_sigils_hangedman_snap, lemuel_statue_altar,
          minmay_elf_demonology
Vaults:1: hangedman_vaults_snaps, v_alt_pattern_5,
          nicolae_vaults_little_squares_5, ontoclasm_vaults_pinch,
          st_greater_box_1, hangedman_vaults_corner, vaults_room_door_hall,
          nicolae_vaults_little_squares_1, ontoclasm_vaults_eye,
          nicolae_vaults_rhombus_7, hangedman_vaults_nails,
          nicolae_vaults_little_squares_4, v_misc_13, layout_vaults_omnicross,
          serial_shops, shop, shop_statue
Vaults:2: ontoclasm_vaults_idyll, vaults_room_stairs_pillars,
          ontoclasm_vaults_chip, v_misc_5, grunt_vaults_trifunnel,
          nicolae_vaults_little_squares_4, v_pattern_2,
          vaults_standard_mumra_lines, vaults_mumra_hex,
          vaults_mumra_bighexcomb, vaults_dpeg_hooks, layout_vaults_ring,
          uniq_xtahua
Vaults:3: vaults_dpeg_diagonal, nicolae_vaults_asterisk,
          ontoclasm_vaults_shuriken, v_alt_pattern_4, v_misc_26,
          nicolae_vaults_network_periphery, nicolae_vaults_alarming,
          nicolae_vaults_statue_guard, layout_vaults_quadrants, serial_shops,
          shop, shop, shop, shop, uniq_margery
Vaults:4: nicolae_vaults_little_squares_5, v_misc_11, nicolae_vaults_asterisk,
          ontoclasm_vaults_bender, nicolae_vaults_disjoint_gnomons,
          nicolae_vaults_little_squares_1, nicolae_vaults_what_the_h,
          vaults_standard_mumra_enter_the_diamond, vaults_room_door_ring,
          v_misc_13, st_cells, nicolae_vaults_little_squares_3,
          hangedman_vaults_nails, layout_vaults_omnibox
Vaults:5: uniq_sojobo
Crypt:1:  layout_chaotic_city, grunt_crypt_arrival_webbed
Crypt:2:  layout_catacombs, special_room [special_room_morgue],
          grunt_ministairs_9
Crypt:3:  due_elkab, layout_chaotic_city, lemuel_upstairs_altar
Depths:1: layout_basic, hell_entry, serial_bayou_shore_b,
          chequers_serial_rivers_room_b, hangedman_decor_diamond_cutter,
          minmay_misc_feat_ornament, serial_bayou_lagoon_a, grunt_ministairs_5,
          kennysheep_generic_room_10
Depths:2: nzn_winding_woodlands_large [nzn_winding_woodlands_hourglass,
          nzn_winding_woodlands_5x15_concentric,
          nzn_winding_woodlands_5x5_three, nzn_winding_woodlands_center_garden,
          nzn_winding_woodlands_15x15_killbox,
          nzn_winding_woodlands_center_lodge,
          nzn_winding_woodlands_5x5_closed_star,
          nzn_winding_woodlands_5x15_pathside_ponds,
          nzn_winding_woodlands_5x5_open_star], layout_cave_shapes,
          pf_hell_entry_great_geh, minmay_crystal_water,
          minmay_gold_behind_fungi, nicolae_dithmenos_the_darkroom
Depths:3: hangedman_arch_fort, layout_basic, enter_ziggurat_e, lightli_too_deep,
          serial_corexii_hall, chequers_hall_statues_corner_a,
          corexii_hall_statues_i, grunt_decor_mini_mirrors, abyss_entry,
          pan_entry
Depths:4: regret_index_uskayaw_diablada_macabre, layout_basic,
          chequers_big_river, abyss_entry, hell_entry, uniq_enchantress
Depths:5: evilmike_zot_entry_castle, layout_gridlike,
          nicolae_elyvilon_temple_path, hell_entry
Hell
Geh:1:    layout_gehenna_pools_basic
Zig:11:   ziggurat_pillar_abc, ziggurat_pillar_abc, ziggurat_pillar_abc,
          ziggurat_pillar_abc

Skill      XL: |  1  2  3  4  5  6  7  8  9 10 11 12 13 14 15 16 17 18 19 20 21 22 23 24 25 26 27 |
---------------+----------------------------------------------------------------------------------+-----
Axes           | 2 3 4 5 6 7 9 10 11 13 14 15 16 17 18 | 18.4
Dodging        | 1 2 3 5 6 9 10 12 14 16 | 16.2
Fighting       | 4 5 6 7 9 10 11 12 13 14 15 16 17 18 20 23 | 23.7
Armour         | 4 5 7 9 10 11 12 13 14 15 | 15.1
Shields        | 5 8 9 10 11 13 16 | 16.5
Invocations    | 4 9 12 13 14 15 16 17 18 19 20 21 24 | 24.6
Translocations | 3 7 8 9 10 11 | 11.9
Evocations     | 5 7 9 10 | 10.4
Necromancy     | 11 13 14 16 | 16.0
Conjurations   | 3 4 |  4.6
Transmutations | 5 6 |  6.1
Earth Magic    | 5 6 |  6.1
Maces & Flails | 3 9 12 | 12.7
Stealth        | 6 |  6.1

Action                   |  1- 3 |  4- 6 |  7- 9 | 10-12 | 13-15 | 16-18 | 19-21 | 22-24 | 25-27 || total
-------------------------+-------+-------+-------+-------+-------+-------+-------+-------+-------++-------
Melee: War axe           |    82 |   117 |    45 |       |       |       |       |       |       ||   244
       Broad axe         |       |       |   162 |   415 |   720 |  1138 |  1027 |  1124 |  1956 ||  6542
       Spear             |       |       |       |       |    34 |    25 |       |       |       ||    59
       Demon whip        |       |       |       |       |       |       |       |   201 |       ||   201
       Peck              |       |       |       |       |       |       |       |       |    74 ||    74
       Morningstar       |       |       |       |       |       |       |       |       |    59 ||    59
 Cast: Blink             |       |       |       |       |     3 |    19 |     2 |     2 |     7 ||    33
       Vampiric Draining |       |       |       |       |       |       |     7 |     1 |       ||     8
       Magic Dart        |       |       |       |       |       |       |     8 |    91 |    37 ||   136
       Passwall          |       |       |       |       |       |       |       |     4 |       ||     4
       Lesser Beckoning  |       |       |       |       |       |       |       |       |    25 ||    25
       Apportation       |       |       |       |       |       |       |       |       |     2 ||     2
       Passage of Golubr |       |       |       |       |       |       |       |       |     1 ||     1
Invok: Slouch            |       |       |       |     2 |     3 |     9 |     5 |     8 |    19 ||    46
       Bend Time         |       |       |       |       |     3 |     2 |     2 |       |     2 ||     9
       Step From Time    |       |       |       |       |       |       |     1 |       |     1 ||     2
Evoke: Wand              |       |       |     5 |    19 |    28 |    49 |    12 |     8 |    16 ||   137
       Condenser vane    |       |       |       |       |       |       |     1 |     1 |       ||     2
  Use: Scroll            |       |     9 |    11 |    12 |     6 |    15 |     5 |     4 |    26 ||    88
       Potion            |       |     1 |     7 |     2 |     5 |    10 |     2 |     1 |    17 ||    45
 Stab: Sleeping          |       |       |       |     2 |     3 |     8 |     1 |     3 |     7 ||    24
       Distracted        |       |       |       |       |     2 |     1 |       |     2 |    11 ||    16
       Held in net/web   |       |       |       |       |       |     1 |       |       |       ||     1
       Confused          |       |       |       |       |       |       |       |       |     7 ||     7
       Invisible         |       |       |       |       |       |       |       |       |     1 ||     1
Armor: Scale mail        |    29 |    33 |    92 |    59 |       |    44 |   231 |    51 |       ||   539
       Ring mail         |       |       |       |   103 |   225 |    46 |       |       |       ||   374
       Troll leather arm |       |       |       |       |       |    73 |       |       |       ||    73
       Plate armour      |       |       |       |       |       |   235 |       |       |       ||   235
       Acid dragon scale |       |       |       |       |       |       |       |   174 |       ||   174
       Fire dragon scale |       |       |       |       |       |       |       |       |   320 ||   320
Dodge: Dodged            |    27 |    46 |   141 |   295 |   596 |   995 |   658 |  1046 |  1372 ||  5176
       Repelled          |       |       |     3 |     4 |    20 |    11 |    10 |    23 |    18 ||    89
Block: Kite shield       |    44 |    58 |   140 |   294 |   621 |  1384 |  1022 |  1240 |  2373 ||  7176
       Reflection        |       |       |       |       |    17 |    44 |    53 |    37 |    60 ||   211

Table legend: (Time is in decaauts)
 A = Elapsed time spent in this place.
 B = Non-inter-level travel time spent in this place.
 C = Inter-level travel time spent in this place.
 D = Time resting spent in this place.
 E = Time spent auto-exploring this place.
 F = Levels seen in this place.
 G = Mean time per level.
                   A        B        C        D        E       F      G
               +--------+--------+--------+--------+--------+-----+--------+
         Total | 120362 | 108146 |  12216 |  24754 |  61623 |  71 | 1695.2 |
       Dungeon |  27023 |  22673 |   4350 |   7831 |  11677 |  15 | 1801.5 |
        Temple |    262 |    164 |     98 |      0 |    163 |   1 |  262.0 |
          Lair |  17069 |  15358 |   1711 |   4187 |   9081 |   6 | 2844.8 |
         Swamp |   5249 |   4942 |    307 |     78 |   4043 |   4 | 1312.2 |
   Spider Nest |   8036 |   7783 |    253 |   1403 |   5107 |   4 | 2009.0 |
  Orcish Mines |   4077 |   3413 |    664 |    600 |   1964 |   2 | 2038.5 |
   Elven Halls |   5258 |   5121 |    137 |    577 |   3048 |   3 | 1752.7 |
        Vaults |  19705 |  16725 |   2980 |   3980 |   9502 |   5 | 3941.0 |
         Crypt |   6423 |   6197 |    226 |    293 |   4717 |   3 | 2141.0 |
        Depths |  16300 |  14888 |   1412 |   3414 |   9056 |   5 | 3260.0 |
          Hell |   1233 |   1159 |     74 |      0 |    831 |   1 | 1233.0 |
       Gehenna |     58 |     58 |      0 |      0 |      3 |   1 |   58.0 |
         Abyss |   1288 |   1288 |      0 |    147 |    563 |   5 |  257.6 |
   Pandemonium |   3847 |   3847 |      0 |   1016 |    546 |   2 | 1923.5 |
      Ziggurat |   1894 |   1894 |      0 |   1118 |     25 |  11 |  172.2 |
        Bailey |    389 |    389 |      0 |      0 |    198 |   1 |  389.0 |
      Ice Cave |   1545 |   1545 |      0 |    109 |    794 |   1 | 1545.0 |
        Wizlab |    701 |    701 |      0 |      0 |    303 |   1 |  701.0 |
               +--------+--------+--------+--------+--------+-----+--------+

Top non-repeatable levels by time:
Vaults:1: 5220 daAuts
Depths:1: 4501 daAuts
Vaults:2: 3685 daAuts
Vaults:4: 3680 daAuts
Vaults:3: 3620 daAuts
  Lair:1: 3541 daAuts
Vaults:5: 3498 daAuts
Depths:5: 3396 daAuts
  Lair:6: 3393 daAuts
  Lair:3: 3293 daAuts
     D:9: 3224 daAuts
Depths:3: 3139 daAuts
   Orc:2: 2958 daAuts
    D:10: 2846 daAuts
     D:4: 2781 daAuts
